 Dungeon Crawl Stone Soup version 0.17-a0-1920-gafa4d75 (webtiles) character file.

23 4thArraOfDagon the Skirmisher (level 3, 0/39 HPs)
             Began as an Ogre Monk on Sept 27, 2015.
             Slain by a goblin
             ... wielding a +0 dagger
             ... led by Robin
              (2 damage)
             ... on level 2 of the Dungeon.
             The game lasted 00:02:42 (516 turns).

4thArraOfDagon the Skirmisher (Ogre Monk)            Turns: 516, Time: 00:02:42

Health: 0/39       AC:  3    Str: 16    XL:     3   Next: 0%
Magic:  3/3        EV: 10    Int: 10    God:
Gold:   35         SH:  0    Dex: 12    Spells: 0 memorised, 2 levels left

rFire  . . .     SeeInvis .     i - -3 whip (curse)
rCold  . . .     Clarity  .     a - +0 robe
rNeg   . . .     SustAt   .     (no shield)
rPois  .         Gourm    .     (helmet restricted)
rElec  .         Spirit   .     (no cloak)
rCorr  .         Warding  .     (gloves unavailable)
rMut   .         Stasis   .     (boots unavailable)
MR     .....                    (no amulet)
Stlth  ++........               (no ring)
                                (no ring)

@: not resistant to hostile enchantments, unstealthy
A: unfitting armour, tough skin 1
a: no special abilities


You were on level 2 of the Dungeon.
You were not hungry.

You visited 1 branch of the dungeon, and saw 5 of its levels.

You collected 35 gold pieces.

Inventory:

Hand weapons
 c - a +0 club
 i - a cursed -3 whip (weapon)
Armour
 a - a +0 robe (worn)
Scrolls
 d - 2 scrolls of teleportation {unknown}
 e - a scroll of fog {unknown}
 f - 2 scrolls of immolation {unknown}
 g - a scroll of noise {unknown}
 h - a scroll of fear {unknown}
Books
 j - a book of Fire

   Spells                             Type                      Level
   a - Ignite Poison                  Fire/Transmutation/Poison    3
   b - Fireball                       Conjuration/Fire             5
   c - Bolt of Fire                   Conjuration/Fire             6
   d - Delayed Fireball               Conjuration/Fire             7
   e - Ring of Flames                 Charms/Fire                  7
Comestibles
 b - 2 bread rations


   Skills:
 - Level 4.2 Fighting
 * Level 1.6 Maces & Flails
 + Level 3.0 Dodging
 - Level 1.5 Stealth
 - Level 3.8 Unarmed Combat


You had 2 spell levels left.
You didn't know any spells.

Dungeon Overview and Level Annotations

Branches:
Dungeon (5/15)
 Temple: D:4-7

Altars:


Innate Abilities, Weirdness & Mutations

You are too large for most types of armour.
You have tough skin (AC +1).


Message History

The goblin hits you but does no damage.
You barely miss the goblin. The goblin closely misses you.
You closely miss the goblin. The goblin hits you but does no damage.
You barely miss the goblin. The goblin hits you with a dagger.
* * * LOW HITPOINT WARNING * * *
Found a hardcover book.
You closely miss the goblin. The goblin barely misses you.
You closely miss the goblin. The goblin hits you with a dagger.
* * * LOW HITPOINT WARNING * * *
You closely miss the goblin. The goblin barely misses you.
Unknown command.
The goblin hits you with a dagger.
* * * LOW HITPOINT WARNING * * *
You see here a hardcover book.
j - a book of Fire The goblin hits you but does no damage.
You closely miss the goblin. The goblin barely misses you.
You closely miss the goblin. The goblin hits you but does no damage.
You hit the goblin but do no damage. The goblin hits you with a dagger.
You die...

........#
.#.#..#.#
..#.....#
........#.
#.#.....#
..........
........+
.>........
#.......#
.#..#.####
#.......#
....#.###
#.......#
....#...#
#+##.......#
##....#.#
#@g........#
......#.#
##.##.#+####
.#.#### #
#..#.# ...#
##.#.#
.#.### #.#.#
.....# #...#
.....# ##..#
.###... #..#
.# #### #..#


You could see a goblin.

Vanquished Creatures
  A worm (D:2)
  An orc (D:4)
  4 bats
  3 giant cockroaches
  A hobgoblin (D:2)
  A jackal (D:1)
  A quokka (D:3)
  3 giant newts (D:1)
  2 goblins
  A rat (D:2)
18 creatures vanquished.

Notes
Turn   | Place    | Note
--------------------------------------------------------------
     0 | D:1      | 4thArraOfDagon the Ogre Monk began the quest for the Orb.
     0 | D:1      | Reached XP level 1. HP: 24/24 MP: 1/1
    99 | D:1      | Reached XP level 2. HP: 21/32 MP: 2/2
   199 | D:2      | Reached skill level 1 in Maces & Flails
   356 | D:5      | Entered Level 5 of the Dungeon
   356 | D:5      | Noticed an ice beast
   458 | D:3      | Reached XP level 3. HP: 3/39 MP: 3/3
   516 | D:2      | Slain by a goblin

Vault maps used:
D:1:      sevenhm_arrival_forest_fort_small_3, st_stairs_10
D:2:      kennysheep_six_static_rooms
D:3:      uniq_robin, uniq_grinder, uniq_sigmund
D:5:      bloody_makhleb, temple_fountains, first_bread

Action                   || total
-------------------------++-------
Melee: Unarmed           ||    58
       Whip              ||    47
 Stab: Sleeping          ||     1
